Predators vs Blue Jackets
Created - February 11, 2019 at 19:04
Goals
|
| Predators |
1 |
1 |
0 |
2 |
| Blue Jackets |
1 |
2 |
1 |
4 |
|
Shots
|
| Predators |
16 |
4 |
8 |
28 |
| Blue Jackets |
17 |
8 |
8 |
33 |
|
1st period
1. Predators , James Van Riemsdyk 8 (Byron Bitz 5, Ryan Kesler 18) at 16:18
2. Blue Jackets , A.J Thelen 4 (Tyler Kennedy 6, Branislav Mezei 12) at 19:58 (PP)
Penalties :
Dennis Wideman (Clb) for Slashing (Minor) at 10:21, James Van Riemsdyk (Nas) for Boarding (Minor) at 18:00
2nd period
3. Blue Jackets , Peter Mueller 13 (Tyler Kennedy 7, Ryan Wilson 4) at 0:38
4. Predators , James Van Riemsdyk 9 (Alexander Steen 7) at 7:38
5. Blue Jackets , Pavel Datsyuk 29 (Martin Havlat 47, Max Pacioretty 11) at 7:44
Penalties :
Branislav Mezei (Clb) for Tripping (Minor) at 4:06, Timothy Kunes (Clb) for Hooking (Minor) at 12:55, Alexander Ovechkin (Nas) for Tripping (Minor) at 16:08
3rd period
6. Blue Jackets , Dennis Wideman 6 (Martin Havlat 48, Rick DiPietro) at 17:26 (PP)
Penalties :
Dmitri Kalinin (Nas) for Slashing (Minor) at 1:53, Alexander Ovechkin (Nas) for Boarding (Minor) at 12:08, Alexander Steen (Nas) for Holding (Minor) at 17:16, A.J Thelen (Clb) for Hooking (Minor) at 18:38
Goalie Stats
Viktor Fasth (Nas), 29 saves from 33 shots - (0.879), L, 24-16-4, 60:00 minutes
Rick DiPietro (Clb), 26 saves from 28 shots - (0.929), W, 23-18-6, 60:00 minutes
Players Stats for Predators
Player Name G A P +/- PIM S H SB GA TA FO MP PP MP PK MP
------------------------------------------------------------------------------------
Adam Burish 0 0 0 0 0 3 2 0 0 0 0/0 8:31 0:04 1:15
Alexander Edler 0 0 0 0 0 1 0 2 0 1 0/0 28:54 3:54 4:31
Alexander Ovechkin 0 0 0 -1 4 3 5 2 1 0 0/2 22:05 3:51 1:49
Alexander Steen 0 1 1 0 2 1 2 0 0 0 1/1 15:04 3:16 1:47
Andy Miele 0 0 0 0 0 3 0 0 0 0 5/11 14:03 0:00 4:36
Brendan Gallagher 0 0 0 0 0 2 1 0 0 0 0/0 12:56 3:16 0:00
Byron Bitz 0 1 1 1 0 2 2 0 2 1 0/0 14:19 0:14 2:39
Dmitri Kalinin 0 0 0 -1 2 0 1 0 0 0 0/0 14:26 0:00 0:00
James Van Riemsdyk 2 0 2 1 2 4 3 1 0 1 0/0 12:58 0:11 1:16
John Moore 0 0 0 -1 0 1 3 1 0 0 0/0 21:43 3:24 3:34
Justin Abdelkader 0 0 0 0 0 0 2 0 0 0 1/1 6:57 0:00 0:00
Michal Rozsival 0 0 0 1 0 1 0 0 0 0 0/0 13:12 0:00 3:34
Mikael Granlund 0 0 0 -1 0 2 1 1 2 1 8/21 19:50 3:16 0:00
Niclas Bergfors 0 0 0 -1 0 2 4 0 0 0 0/1 20:27 3:51 0:00
Ryan Kesler 0 1 1 1 0 2 1 0 0 0 9/16 15:39 3:55 1:15
Ryan Mcdonagh 0 0 0 0 0 0 1 4 0 1 0/0 29:01 3:54 4:31
Ryan Murray 0 0 0 1 0 1 2 0 0 0 0/0 12:49 3:24 0:00
Scott Laughton 0 0 0 0 0 0 1 0 0 1 0/2 8:56 0:00 1:33
Players Stats for Blue Jackets
Player Name G A P +/- PIM S H SB GA TA FO MP PP MP PK MP
------------------------------------------------------------------------------------
A.J Thelen 1 0 1 0 2 1 2 1 0 1 0/0 21:59 3:51 2:36
Andreas Nodl 0 0 0 -1 0 2 1 0 1 0 0/0 15:36 3:35 0:00
Branislav Mezei 0 1 1 0 2 2 1 0 0 0 0/0 20:42 3:51 2:02
Dennis Wideman 1 0 1 0 2 3 0 2 0 0 0/0 26:59 4:14 3:27
Kevin Porter 0 0 0 -1 0 1 1 0 1 1 1/3 6:11 0:00 0:07
Marcus Nilson 0 0 0 -1 0 0 1 2 0 0 0/0 16:28 3:35 0:52
Martin Havlat 0 2 2 1 0 7 2 0 0 1 2/2 22:10 3:42 4:09
Max Pacioretty 0 1 1 1 0 1 0 0 0 1 2/3 20:05 3:42 1:54
Mike Comrie 0 0 0 -1 0 2 1 1 0 1 6/10 17:42 3:35 1:54
Mike Lundin 0 0 0 0 0 0 1 3 1 0 0/0 26:53 4:14 4:14
Mike York 0 0 0 -1 0 0 0 0 0 0 0/0 6:04 0:00 0:00
Patrick O'Sullivan 0 0 0 0 0 0 0 0 0 0 0/0 3:11 0:48 0:00
Pavel Datsyuk 1 0 1 0 0 3 1 1 2 0 17/30 25:32 3:42 3:50
Peter Mueller 1 0 1 1 0 4 0 0 0 0 2/6 12:49 0:48 0:00
Rostislav Olesz 0 0 0 1 0 5 0 0 1 0 1/1 13:51 0:00 1:50
Ryan Wilson 0 1 1 0 0 0 0 0 0 0 0/0 11:19 0:00 0:40
Timothy Kunes 0 0 0 0 2 1 1 0 0 0 0/0 12:18 0:00 1:37
Tyler Kennedy 0 2 2 1 0 1 2 0 0 0 0/0 12:49 0:48 0:00
3 Stars
1 - James Van Riemsdyk (Nas)
2 - Tyler Kennedy (Clb)
3 - Martin Havlat (Clb)
Power Play
Predators - 0 on 4 Attempt(s) - 0.00%
Blue Jackets - 2 on 5 Attempt(s) - 40.00%
Penalty Kill
Predators - 3 on 5 Attempt(s) - 60.00%
- Score 0 goal in Penalty Kill
Blue Jackets - 4 on 4 Attempt(s) - 100.00%
- Score 0 goal in Penalty Kill
Team Stat
Predators - Hits : 31 - Faceoff Wins : 24 - Blocked Shots : 11 - Penalty Minutes : 10
Blue Jackets - Hits : 14 - Faceoff Wins : 31 - Blocked Shots : 10 - Penalty Minutes : 8
Official
Referees : Unknown
Linesman : Unknown
Game Notes
9:33 of 3rd period - Predators goal is going for a video replay. After video review, No Goal. The puck has entered the net after making contact with an attacking player’s stick that is above the height of the crossbar.
Finance
Level 1 -- Attendance: 4496 (74.93%) -- Ticket Income $427,120
Level 2 -- Attendance: 4207 (84.14%) -- Ticket Income $252,420
Level 3 -- Attendance: 2000 (100.00%) -- Ticket Income $70,000
Level 4 -- Attendance: 3872 (96.80%) -- Ticket Income $96,800
Luxury Box -- Attendance: 689 (68.90%) -- Ticket Income $130,910
Game was played at the Ohio State Arena.
Total Attendance: 15264 (84.80%)
Total Ticket Income: $977,250
Other Income: $146,588
Total Income: $1,123,838
Predators
5 vs 5 Forward
Center Left Wing Right Wing Time % Phy DF OF
1 Mikael Granlund Alexander Ovechkin Niclas Bergfors 40 1 2 2
2 Ryan Kesler James Van Riemsdyk Byron Bitz 30 1 2 2
3 Andy Miele Alexander Steen Brendan Gallagher 20 1 2 2
4 Scott Laughton Justin Abdelkader Adam Burish 10 2 2 1
5 vs 5 Defense
Defense Defense Time % Phy DF OF
1 Ryan Mcdonagh Alexander Edler 40 1 2 2
2 John Moore Dmitri Kalinin 30 1 2 2
3 Michal Rozsival Ryan Murray 20 1 2 2
4 Ryan Mcdonagh Alexander Edler 10 1 2 2
PowerPlay Forward
Center Left Wing Right Wing Time % Phy DF OF
1 Ryan Kesler Alexander Ovechkin Niclas Bergfors 60 1 1 3
2 Mikael Granlund Alexander Steen Brendan Gallagher 40 1 1 3
PowerPlay Defense
Defense Defense Time % Phy DF OF
1 Ryan Mcdonagh Alexander Edler 60 1 1 3
2 Ryan Murray John Moore 40 1 1 3
Penalty Kill 4 Players Forward
Center Wing Time % Phy DF OF
1 Andy Miele Alexander Ovechkin 60 1 2 2
2 Ryan Kesler Adam Burish 40 1 2 2
Penalty Kill 4 Players Defense
Defense Defense Time % Phy DF OF
1 Ryan Mcdonagh Alexander Edler 60 1 2 2
2 John Moore Michal Rozsival 40 1 2 2
Penalty Kill - 3 Players Forward
Forward Time % Phy DF OF
1 Alexander Ovechkin 60 1 2 2
2 Adam Burish 40 1 2 2
Penalty Kill - 3 Players Defense
Defense Defense Time % Phy DF OF
1 Ryan Mcdonagh Alexander Edler 60 1 2 2
2 John Moore Michal Rozsival 40 1 2 2
4 vs 4 Forward
Center Wing Time % Phy DF OF
1 Andy Miele Alexander Ovechkin 60 1 2 2
2 Ryan Kesler Niclas Bergfors 40 1 2 2
4 vs 4 Defense
Defense Defense Time % Phy DF OF
1 Ryan Mcdonagh Alexander Edler 60 1 2 2
2 John Moore Michal Rozsival 40 1 2 2
Last Minutes Offensive
Center Left Wing Right Wing Defense Defense
Mikael Granlund Alexander Ovechkin Niclas Bergfors Ryan Mcdonagh Alexander Edler
Last Minutes Defensive
Center Left Wing Right Wing Defense Defense
Ryan Kesler Alexander Ovechkin Byron Bitz Ryan Mcdonagh Alexander Edler
Goaltenders
Starting : Viktor Fasth
Backup : Chad Johnson
Extra Forwards
Normal : Alexander Steen, James Van Riemsdyk, Byron Bitz - PP : Byron Bitz, James Van Riemsdyk - PK : Byron Bitz
Extra Defensemen
Normal : Michal Rozsival, Ryan Murray, John Moore - PP : Dmitri Kalinin - PK : John Moore, Dmitri Kalinin
Penalty Shots
Alexander Ovechkin, Niclas Bergfors, Ryan Kesler, Andy Miele, Justin Abdelkader
Scratches
Barret Jackman (Healthy)
Blue Jackets
5 vs 5 Forward
Center Left Wing Right Wing Time % Phy DF OF
1 Pavel Datsyuk Max Pacioretty Martin Havlat 40 1 2 2
2 Mike Comrie Marcus Nilson Andreas Nodl 30 1 2 2
3 Peter Mueller Rostislav Olesz Tyler Kennedy 20 1 2 2
4 Kevin Porter Mike York Pavel Datsyuk 10 1 2 2
5 vs 5 Defense
Defense Defense Time % Phy DF OF
1 Mike Lundin Dennis Wideman 40 1 2 2
2 Branislav Mezei A.J Thelen 30 1 2 2
3 Ryan Wilson Timothy Kunes 20 1 2 2
4 Mike Lundin Dennis Wideman 10 1 2 2
PowerPlay Forward
Center Left Wing Right Wing Time % Phy DF OF
1 Pavel Datsyuk Max Pacioretty Martin Havlat 60 1 2 2
2 Mike Comrie Marcus Nilson Andreas Nodl 40 1 2 2
PowerPlay Defense
Defense Defense Time % Phy DF OF
1 Mike Lundin Dennis Wideman 60 1 2 2
2 Branislav Mezei A.J Thelen 40 1 2 2
Penalty Kill 4 Players Forward
Center Wing Time % Phy DF OF
1 Pavel Datsyuk Martin Havlat 60 1 2 2
2 Max Pacioretty Mike Comrie 40 1 2 2
Penalty Kill 4 Players Defense
Defense Defense Time % Phy DF OF
1 Mike Lundin Dennis Wideman 60 1 2 2
2 Branislav Mezei A.J Thelen 40 1 2 2
Penalty Kill - 3 Players Forward
Forward Time % Phy DF OF
1 Pavel Datsyuk 60 1 2 2
2 Martin Havlat 40 1 2 2
Penalty Kill - 3 Players Defense
Defense Defense Time % Phy DF OF
1 Mike Lundin Dennis Wideman 60 1 2 2
2 Branislav Mezei A.J Thelen 40 1 2 2
4 vs 4 Forward
Center Wing Time % Phy DF OF
1 Pavel Datsyuk Martin Havlat 60 1 2 2
2 Max Pacioretty Mike Comrie 40 1 2 2
4 vs 4 Defense
Defense Defense Time % Phy DF OF
1 Mike Lundin Dennis Wideman 60 1 2 2
2 Branislav Mezei A.J Thelen 40 1 2 2
Last Minutes Offensive
Center Left Wing Right Wing Defense Defense
Pavel Datsyuk Max Pacioretty Martin Havlat Mike Lundin Dennis Wideman
Last Minutes Defensive
Center Left Wing Right Wing Defense Defense
Pavel Datsyuk Max Pacioretty Martin Havlat Mike Lundin Dennis Wideman
Goaltenders
Starting : Rick DiPietro
Backup : Marek Schwarz
Extra Forwards
Normal : Patrick O'Sullivan, Peter Mueller, Rostislav Olesz - PP : Patrick O'Sullivan, Peter Mueller - PK : Rostislav Olesz
Extra Defensemen
Normal : Ryan Wilson, Timothy Kunes, Branislav Mezei - PP : Ryan Wilson - PK : Timothy Kunes, Branislav Mezei
Penalty Shots
Pavel Datsyuk, Martin Havlat, Max Pacioretty, Mike Comrie, Marcus Nilson
Scratches
Andrew Gordon (Healthy), Cam Fowler (Left Leg Injury)
% Time on Ice - Predators
Lines # - Real PCT - Wanted PCT - Time Play
Normal Forward
1 - 38% - 40% - 16:51
2 - 25% - 30% - 11:09
3 - 22% - 20% - 9:40
4 - 16% - 10% - 6:57
Normal Defense
1 - 42% - 40% - 18:49
2 - 33% - 30% - 14:45
3 - 21% - 20% - 9:23
4 - 4% - 10% - 1:40
PP Forward
1 - 55% - 60% - 4:02
2 - 45% - 40% - 3:16
PP Defense
1 - 53% - 60% - 3:54
2 - 47% - 40% - 3:24
PK Forward
1 - 85% - 60% - 6:50
2 - 15% - 40% - 1:15
PK Defense
1 - 56% - 60% - 4:31
2 - 44% - 40% - 3:34
PK3 Forward
1 - 0% - 60%
2 - 0% - 40%
PK3 Defense
1 - 0% - 60%
2 - 0% - 40%
44 Forward
1 - 0% - 60%
2 - 0% - 40%
44 Defense
1 - 0% - 60%
2 - 0% - 40%
Last Minute Offensive - 0:00
Last Minute Defensive - 0:00
Total
Forward - 60:00
Defense - 60:00
|
% Time on Ice - Blue Jackets
Lines # - Real PCT - Wanted PCT - Time Play
Normal Forward
1 - 32% - 40% - 14:19
2 - 27% - 30% - 12:13
3 - 27% - 20% - 12:01
4 - 14% - 10% - 6:04
Normal Defense
1 - 39% - 40% - 17:19
2 - 35% - 30% - 15:24
3 - 24% - 20% - 10:39
4 - 3% - 10% - 1:15
PP Forward
1 - 56% - 60% - 4:30
2 - 44% - 40% - 3:35
PP Defense
1 - 52% - 60% - 4:14
2 - 48% - 40% - 3:51
PK Forward
1 - 74% - 60% - 5:24
2 - 26% - 40% - 1:54
PK Defense
1 - 70% - 60% - 5:07
2 - 30% - 40% - 2:11
PK3 Forward
1 - 0% - 60%
2 - 0% - 40%
PK3 Defense
1 - 0% - 60%
2 - 0% - 40%
44 Forward
1 - 0% - 60%
2 - 0% - 40%
44 Defense
1 - 0% - 60%
2 - 0% - 40%
Last Minute Offensive - 0:00
Last Minute Defensive - 0:00
Total
Forward - 60:00
Defense - 60:00
|
Play-by-Play
1st period
0:01 of 1st period - Pavel Datsyuk wins face-off versus Mikael Granlund in neutral zone.
0:10 of 1st period - Wrist shot by Martin Havlat.
0:10 of 1st period - Shot Misses the Net.
0:16 of 1st period - Mike Lundin is hit by Alexander Ovechkin and loses puck.
0:36 of 1st period - Snap shot by Ryan Kesler.
0:36 of 1st period - Stopped by Rick DiPietro with a rebound.
0:58 of 1st period - Rostislav Olesz is hit by Adam Burish and loses puck.
1:48 of 1st period - Byron Bitz is hit by Timothy Kunes and loses puck.
2:03 of 1st period - Mike Lundin is hit by Justin Abdelkader and loses puck.
3:04 of 1st period - Snap shot by James Van Riemsdyk.
3:04 of 1st period - Stopped by Rick DiPietro without a rebound.
3:05 of 1st period - Ryan Kesler wins face-off versus Peter Mueller in Blue Jackets zone.
3:13 of 1st period - Snap shot by Ryan Kesler.
3:13 of 1st period - Deflect By Byron Bitz.
3:13 of 1st period - Shot Misses the Net.
3:13 of 1st period - Puck is out of play.
3:14 of 1st period - Mikael Granlund wins face-off versus Peter Mueller in Blue Jackets zone.
3:21 of 1st period - Wrist shot by Tyler Kennedy.
3:21 of 1st period - Shot Misses the Net.
3:23 of 1st period - Snap shot by Branislav Mezei.
3:23 of 1st period - Deflect By Rostislav Olesz.
3:23 of 1st period - Stopped by Viktor Fasth with a rebound.
3:25 of 1st period - Snap shot by Tyler Kennedy.
3:25 of 1st period - Stopped by Viktor Fasth with a rebound.
3:27 of 1st period - Snap shot by Branislav Mezei.
3:27 of 1st period - Shot Misses the Net.
3:29 of 1st period - Backhand shot by Branislav Mezei.
3:29 of 1st period - Stopped by Viktor Fasth with a rebound.
3:31 of 1st period - Wrist shot by A.J Thelen.
3:31 of 1st period - Shot Blocked by Alexander Ovechkin.
3:33 of 1st period - Slapshot by Branislav Mezei.
3:33 of 1st period - Stopped by Viktor Fasth with a rebound.
4:23 of 1st period - Wrist shot by Tyler Kennedy.
4:23 of 1st period - Shot Blocked by Ryan Mcdonagh.
4:31 of 1st period - Slapshot by Rostislav Olesz.
4:31 of 1st period - Stopped by Viktor Fasth without a rebound.
4:32 of 1st period - Ryan Kesler wins face-off versus Max Pacioretty in Predators zone.
4:42 of 1st period - Slapshot by Dennis Wideman.
4:42 of 1st period - Stopped by Viktor Fasth without a rebound.
4:43 of 1st period - Ryan Kesler wins face-off versus Pavel Datsyuk in Predators zone.
4:48 of 1st period - Slapshot by James Van Riemsdyk.
4:48 of 1st period - Shot Blocked by Mike Lundin.
4:56 of 1st period - Wrist shot by James Van Riemsdyk.
4:56 of 1st period - Stopped by Rick DiPietro with a rebound.
5:23 of 1st period - Slapshot by Andreas Nodl.
5:23 of 1st period - Stopped by Viktor Fasth without a rebound.
5:24 of 1st period - Ryan Kesler wins face-off versus Kevin Porter in Predators zone.
5:51 of 1st period - Ryan Mcdonagh is hit by Mike Comrie and loses puck.
6:58 of 1st period - James Van Riemsdyk is hit by Mike Lundin and loses puck.
7:30 of 1st period - Timothy Kunes is hit by Alexander Ovechkin and loses puck.
7:43 of 1st period - Slapshot by Mikael Granlund.
7:43 of 1st period - Stopped by Rick DiPietro without a rebound.
7:44 of 1st period - Mike Comrie wins face-off versus Scott Laughton in Blue Jackets zone.
7:51 of 1st period - Snap shot by Alexander Edler.
7:51 of 1st period - Stopped by Rick DiPietro without a rebound.
7:52 of 1st period - Mikael Granlund wins face-off versus Pavel Datsyuk in Blue Jackets zone.
8:05 of 1st period - Martin Havlat is hit by Ryan Mcdonagh and loses puck.
8:28 of 1st period - Snap shot by Ryan Kesler.
8:28 of 1st period - Shot Blocked by Dennis Wideman.
8:30 of 1st period - Slapshot by Ryan Mcdonagh.
8:30 of 1st period - Shot Blocked by Marcus Nilson.
8:42 of 1st period - Slapshot by Brendan Gallagher.
8:42 of 1st period - Stopped by Rick DiPietro without a rebound.
8:43 of 1st period - Alexander Steen wins face-off versus Peter Mueller in Blue Jackets zone.
8:44 of 1st period - Slapshot by Andy Miele.
8:44 of 1st period - Stopped by Rick DiPietro without a rebound.
8:45 of 1st period - Mikael Granlund wins face-off versus Peter Mueller in Blue Jackets zone.
8:46 of 1st period - Snap shot by Alexander Ovechkin.
8:46 of 1st period - Stopped by Rick DiPietro without a rebound.
8:47 of 1st period - Pavel Datsyuk wins face-off versus Mikael Granlund in Blue Jackets zone.
9:24 of 1st period - Snap shot by Byron Bitz.
9:24 of 1st period - Shot Blocked by Mike Comrie.
10:19 of 1st period - Snap shot by Niclas Bergfors.
10:19 of 1st period - Stopped by Rick DiPietro with a rebound.
10:21 of 1st period - Minor Penalty to Dennis Wideman for Slashing.
10:22 of 1st period - Pavel Datsyuk wins face-off versus Ryan Kesler in Blue Jackets zone.
12:21 of 1st period - Penalty to Dennis Wideman is over, Dennis Wideman is back on ice.
12:29 of 1st period - Wrist shot by Dennis Wideman.
12:29 of 1st period - Stopped by Viktor Fasth without a rebound.
12:30 of 1st period - Mike Comrie wins face-off versus Scott Laughton in Predators zone.
12:43 of 1st period - Mike Lundin is hit by Adam Burish and loses puck.
12:56 of 1st period - Backhand shot by Brendan Gallagher.
12:56 of 1st period - Deflect By Andreas Nodl.
12:56 of 1st period - Shot Blocked by Dennis Wideman.
12:56 of 1st period - Puck is out of play.
12:57 of 1st period - Andy Miele wins face-off versus Pavel Datsyuk in Blue Jackets zone.
13:07 of 1st period - Off-side.
13:08 of 1st period - Pavel Datsyuk wins face-off versus Mikael Granlund in neutral zone.
13:13 of 1st period - Wrist shot by Martin Havlat.
13:13 of 1st period - Shot Misses the Net.
14:05 of 1st period - Wrist shot by Rostislav Olesz.
14:05 of 1st period - Stopped by Viktor Fasth without a rebound.
14:06 of 1st period - Mikael Granlund wins face-off versus Pavel Datsyuk in Predators zone.
14:06 of 1st period - Mikael Granlund is hit by Pavel Datsyuk.
14:12 of 1st period - Backhand shot by Niclas Bergfors.
14:12 of 1st period - Shot Blocked by Pavel Datsyuk.
14:14 of 1st period - Wrist shot by Michal Rozsival.
14:14 of 1st period - Shot Blocked by Mike Lundin.
14:16 of 1st period - Wrist shot by Niclas Bergfors.
14:16 of 1st period - Shot Misses the Net.
14:18 of 1st period - Slapshot by Ryan Murray.
14:18 of 1st period - Stopped by Rick DiPietro with a rebound.
14:20 of 1st period - Wrist shot by Niclas Bergfors.
14:20 of 1st period - Stopped by Rick DiPietro with a rebound.
14:22 of 1st period - Slapshot by Michal Rozsival.
14:22 of 1st period - Stopped by Rick DiPietro without a rebound.
14:23 of 1st period - Ryan Kesler wins face-off versus Mike Comrie in Blue Jackets zone.
15:13 of 1st period - Dmitri Kalinin is hit by Tyler Kennedy and loses puck.
15:18 of 1st period - Snap shot by Rostislav Olesz.
15:18 of 1st period - Stopped by Viktor Fasth with a rebound.
15:36 of 1st period - Wrist shot by John Moore.
15:36 of 1st period - Stopped by Rick DiPietro with a rebound.
16:14 of 1st period - Snap shot by Ryan Kesler.
16:14 of 1st period - Stopped by Rick DiPietro without a rebound.
16:15 of 1st period - Ryan Kesler wins face-off versus Mike Comrie in Blue Jackets zone.
16:16 of 1st period - Snap shot by Byron Bitz.
16:16 of 1st period - Stopped by Rick DiPietro with a rebound.
16:18 of 1st period - Snap shot by James Van Riemsdyk.
16:18 of 1st period - Goal by James Van Riemsdyk - Predators : 1 - Blue Jackets : 0.
16:19 of 1st period - Mikael Granlund wins face-off versus Mike Comrie in neutral zone.
16:27 of 1st period - Snap shot by Andreas Nodl.
16:27 of 1st period - Stopped by Viktor Fasth with a rebound.
16:29 of 1st period - Wrist shot by Mike Comrie.
16:29 of 1st period - Stopped by Viktor Fasth without a rebound.
16:30 of 1st period - Pavel Datsyuk wins face-off versus Mikael Granlund in Predators zone.
16:31 of 1st period - Wrist shot by Martin Havlat.
16:31 of 1st period - Stopped by Viktor Fasth with a rebound.
16:33 of 1st period - Slapshot by Pavel Datsyuk.
16:33 of 1st period - Shot Misses the Net.
16:35 of 1st period - Snap shot by Martin Havlat.
16:35 of 1st period - Shot Blocked by Alexander Edler.
16:37 of 1st period - Snap shot by Pavel Datsyuk.
16:37 of 1st period - Stopped by Viktor Fasth without a rebound.
16:38 of 1st period - Pavel Datsyuk wins face-off versus Mikael Granlund in Predators zone.
16:51 of 1st period - Snap shot by Martin Havlat.
16:51 of 1st period - Stopped by Viktor Fasth with a rebound.
16:53 of 1st period - Wrist shot by Martin Havlat.
16:53 of 1st period - Shot Misses the Net.
16:55 of 1st period - Slapshot by Martin Havlat.
16:55 of 1st period - Shot Misses the Net.
17:40 of 1st period - Wrist shot by Martin Havlat.
17:40 of 1st period - Shot Misses the Net.
17:55 of 1st period - Wrist shot by Martin Havlat.
17:55 of 1st period - Stopped by Viktor Fasth without a rebound.
17:56 of 1st period - Mike Comrie wins face-off versus Ryan Kesler in Predators zone.
18:00 of 1st period - Minor Penalty to James Van Riemsdyk for Boarding.
18:01 of 1st period - Mike Comrie wins face-off versus Andy Miele in Predators zone.
18:27 of 1st period - Martin Havlat is hit by Byron Bitz and loses puck.
19:20 of 1st period - Backhand shot by Peter Mueller.
19:20 of 1st period - Shot Blocked by Ryan Mcdonagh.
19:22 of 1st period - Wrist shot by Dennis Wideman.
19:22 of 1st period - Shot Blocked by Alexander Edler.
19:56 of 1st period - Snap shot by Tyler Kennedy.
19:56 of 1st period - Shot Misses the Net.
19:58 of 1st period - Slapshot by A.J Thelen.
19:58 of 1st period - Goal by A.J Thelen - Predators : 1 - Blue Jackets : 1.
19:59 of 1st period - Mikael Granlund wins face-off versus Pavel Datsyuk in neutral zone.
Goals for this period are 1 for Predators vs 1 for Blue Jackets.
Shots for this period are 16 for Predators vs 17 for Blue Jackets.
2nd period
0:01 of 2nd period - Pavel Datsyuk wins face-off versus Ryan Kesler in neutral zone.
0:36 of 2nd period - Snap shot by Peter Mueller.
0:36 of 2nd period - Shot Blocked by James Van Riemsdyk.
0:38 of 2nd period - Snap shot by Tyler Kennedy.
0:38 of 2nd period - Deflect By Peter Mueller.
0:38 of 2nd period - Goal by Peter Mueller - Predators : 1 - Blue Jackets : 2.
0:39 of 2nd period - Pavel Datsyuk wins face-off versus Niclas Bergfors in neutral zone.
0:52 of 2nd period - Wrist shot by Martin Havlat.
0:52 of 2nd period - Stopped by Viktor Fasth without a rebound.
0:53 of 2nd period - Pavel Datsyuk wins face-off versus Ryan Kesler in Predators zone.
1:23 of 2nd period - A.J Thelen is hit by Brendan Gallagher and loses puck.
2:03 of 2nd period - Snap shot by Martin Havlat.
2:03 of 2nd period - Shot Misses the Net.
2:05 of 2nd period - Slapshot by Mike Lundin.
2:05 of 2nd period - Shot Blocked by Alexander Ovechkin.
2:48 of 2nd period - Wrist shot by Brendan Gallagher.
2:48 of 2nd period - Shot Blocked by Mike Lundin.
2:50 of 2nd period - Snap shot by Brendan Gallagher.
2:50 of 2nd period - Stopped by Rick DiPietro with a rebound.
3:53 of 2nd period - Wrist shot by Adam Burish.
3:53 of 2nd period - Stopped by Rick DiPietro with a rebound.
4:06 of 2nd period - Minor Penalty to Branislav Mezei for Tripping.
4:07 of 2nd period - Ryan Kesler wins face-off versus Pavel Datsyuk in Blue Jackets zone.
6:02 of 2nd period - A.J Thelen is hit by Ryan Kesler and loses puck.
6:06 of 2nd period - Penalty to Branislav Mezei is over, Branislav Mezei is back on ice.
6:21 of 2nd period - A.J Thelen is hit by Justin Abdelkader and loses puck.
6:32 of 2nd period - Byron Bitz is hit by Tyler Kennedy and loses puck.
6:39 of 2nd period - Peter Mueller is hit by James Van Riemsdyk and loses puck.
6:50 of 2nd period - A.J Thelen is hit by Alexander Steen.
7:16 of 2nd period - Ryan Murray is hit by Andreas Nodl and loses puck.
7:38 of 2nd period - Snap shot by James Van Riemsdyk.
7:38 of 2nd period - Goal by James Van Riemsdyk - Predators : 2 - Blue Jackets : 2.
7:39 of 2nd period - Max Pacioretty wins face-off versus Alexander Ovechkin in neutral zone.
7:42 of 2nd period - Snap shot by Martin Havlat.
7:42 of 2nd period - Stopped by Viktor Fasth with a rebound.
7:44 of 2nd period - Snap shot by Pavel Datsyuk.
7:44 of 2nd period - Goal by Pavel Datsyuk - Predators : 2 - Blue Jackets : 3.
7:45 of 2nd period - Pavel Datsyuk wins face-off versus Mikael Granlund in neutral zone.
9:25 of 2nd period - Slapshot by Mike Comrie.
9:25 of 2nd period - Stopped by Viktor Fasth with a rebound.
9:32 of 2nd period - Icing by Mikael Granlund.
9:33 of 2nd period - Pavel Datsyuk wins face-off versus Mikael Granlund in Predators zone.
10:32 of 2nd period - Icing by John Moore.
10:33 of 2nd period - Pavel Datsyuk wins face-off versus Andy Miele in Predators zone.
11:06 of 2nd period - Wrist shot by Andy Miele.
11:06 of 2nd period - Shot Misses the Net.
11:08 of 2nd period - Wrist shot by Alexander Steen.
11:08 of 2nd period - Shot Misses the Net.
11:10 of 2nd period - Wrist shot by Andy Miele.
11:10 of 2nd period - Stopped by Rick DiPietro without a rebound.
11:11 of 2nd period - Mike Comrie wins face-off versus Mikael Granlund in Blue Jackets zone.
11:11 of 2nd period - Mike Comrie is hit by Niclas Bergfors.
11:29 of 2nd period - Mike Lundin is hit by Alexander Ovechkin and loses puck.
11:54 of 2nd period - Peter Mueller is hit by Byron Bitz and loses puck.
12:17 of 2nd period - Justin Abdelkader is hit by Kevin Porter and loses puck.
12:55 of 2nd period - Minor Penalty to Timothy Kunes for Hooking.
12:56 of 2nd period - Martin Havlat wins face-off versus Alexander Ovechkin in Blue Jackets zone.
12:56 of 2nd period - Martin Havlat is hit by Ryan Murray.
13:01 of 2nd period - Wrist shot by Martin Havlat.
13:01 of 2nd period - Stopped by Viktor Fasth without a rebound.
13:02 of 2nd period - Pavel Datsyuk wins face-off versus Ryan Kesler in Predators zone.
13:11 of 2nd period - Snap shot by Martin Havlat.
13:11 of 2nd period - Stopped by Viktor Fasth without a rebound.
13:12 of 2nd period - Pavel Datsyuk wins face-off versus Ryan Kesler in Predators zone.
13:37 of 2nd period - Mike Lundin is hit by John Moore and loses puck.
13:58 of 2nd period - Mike Lundin is hit by Alexander Ovechkin and loses puck.
14:55 of 2nd period - Penalty to Timothy Kunes is over, Timothy Kunes is back on ice.
16:08 of 2nd period - Minor Penalty to Alexander Ovechkin for Tripping.
16:09 of 2nd period - Pavel Datsyuk wins face-off versus Andy Miele in Predators zone.
16:34 of 2nd period - Andreas Nodl is hit by Alexander Steen and loses puck.
18:08 of 2nd period - Penalty to Alexander Ovechkin is over, Alexander Ovechkin is back on ice.
18:18 of 2nd period - Dennis Wideman is hit by Alexander Ovechkin.
18:40 of 2nd period - Wrist shot by Kevin Porter.
18:40 of 2nd period - Stopped by Viktor Fasth without a rebound.
18:41 of 2nd period - Justin Abdelkader wins face-off versus Kevin Porter in Predators zone.
18:50 of 2nd period - A.J Thelen is hit by Dmitri Kalinin and loses puck.
18:54 of 2nd period - Icing by A.J Thelen.
18:55 of 2nd period - Kevin Porter wins face-off versus Mikael Granlund in Blue Jackets zone.
19:48 of 2nd period - Alexander Ovechkin is hit by A.J Thelen and loses puck.
Goals for this period are 1 for Predators vs 2 for Blue Jackets.
Shots for this period are 4 for Predators vs 8 for Blue Jackets.
3rd period
0:01 of 3rd period - Ryan Kesler wins face-off versus Pavel Datsyuk in neutral zone.
0:04 of 3rd period - Pavel Datsyuk is hit by James Van Riemsdyk and loses puck.
0:17 of 3rd period - Slapshot by Martin Havlat.
0:17 of 3rd period - Shot Blocked by Ryan Mcdonagh.
1:12 of 3rd period - Snap shot by Justin Abdelkader.
1:12 of 3rd period - Deflect By Adam Burish.
1:12 of 3rd period - Stopped by Rick DiPietro with a rebound.
1:53 of 3rd period - Minor Penalty to Dmitri Kalinin for Slashing.
1:54 of 3rd period - Andy Miele wins face-off versus Pavel Datsyuk in Predators zone.
3:09 of 3rd period - Dennis Wideman is hit by John Moore and loses puck.
3:53 of 3rd period - Penalty to Dmitri Kalinin is over, Dmitri Kalinin is back on ice.
4:04 of 3rd period - Wrist shot by Byron Bitz.
4:04 of 3rd period - Stopped by Rick DiPietro with a rebound.
4:39 of 3rd period - Timothy Kunes is hit by Mikael Granlund.
4:43 of 3rd period - Kevin Porter is hit by Niclas Bergfors and loses puck.
5:04 of 3rd period - Pavel Datsyuk is hit by John Moore and loses puck.
5:38 of 3rd period - Slapshot by Ryan Mcdonagh.
5:38 of 3rd period - Shot Misses the Net.
6:19 of 3rd period - Adam Burish is hit by A.J Thelen and loses puck.
6:30 of 3rd period - Mike Comrie is hit by Ryan Murray and loses puck.
6:53 of 3rd period - Tyler Kennedy is hit by Niclas Bergfors and loses puck.
7:00 of 3rd period - Slapshot by Alexander Ovechkin.
7:00 of 3rd period - Stopped by Rick DiPietro without a rebound.
7:01 of 3rd period - Andy Miele wins face-off versus Pavel Datsyuk in Blue Jackets zone.
7:04 of 3rd period - Wrist shot by Alexander Steen.
7:04 of 3rd period - Shot Misses the Net.
7:34 of 3rd period - Mike Lundin is hit by James Van Riemsdyk and loses puck.
8:18 of 3rd period - Snap shot by Brendan Gallagher.
8:18 of 3rd period - Deflect By Alexander Steen.
8:18 of 3rd period - Stopped by Rick DiPietro without a rebound.
8:19 of 3rd period - Andy Miele wins face-off versus Mike Comrie in Blue Jackets zone.
9:13 of 3rd period - Slapshot by Peter Mueller.
9:13 of 3rd period - Shot Misses the Net.
9:31 of 3rd period - Wrist shot by Justin Abdelkader.
9:31 of 3rd period - Shot Misses the Net.
9:33 of 3rd period - Snap shot by Adam Burish.
9:33 of 3rd period - Deflect By Mike Comrie.
9:33 of 3rd period - Predators goal is going for a video replay.
9:33 of 3rd period - The goal is refused. The puck has entered the net after making contact with an attacking player’s stick that is above the height of the crossbar..
9:34 of 3rd period - Martin Havlat wins face-off versus Mikael Granlund in Blue Jackets zone.
9:43 of 3rd period - Wrist shot by Max Pacioretty.
9:43 of 3rd period - Stopped by Viktor Fasth with a rebound.
10:01 of 3rd period - Snap shot by Brendan Gallagher.
10:01 of 3rd period - Shot Misses the Net.
10:11 of 3rd period - Wrist shot by Andy Miele.
10:11 of 3rd period - Stopped by Rick DiPietro without a rebound.
10:12 of 3rd period - Mike Comrie wins face-off versus Mikael Granlund in Blue Jackets zone.
10:19 of 3rd period - Wrist shot by Mikael Granlund.
10:19 of 3rd period - Shot Misses the Net.
10:27 of 3rd period - Wrist shot by Mikael Granlund.
10:27 of 3rd period - Stopped by Rick DiPietro without a rebound.
10:28 of 3rd period - Peter Mueller wins face-off versus Ryan Kesler in Blue Jackets zone.
10:35 of 3rd period - Wrist shot by Peter Mueller.
10:35 of 3rd period - Stopped by Viktor Fasth with a rebound.
10:37 of 3rd period - Slapshot by Dennis Wideman.
10:37 of 3rd period - Shot Blocked by Ryan Mcdonagh.
10:39 of 3rd period - Wrist shot by Peter Mueller.
10:39 of 3rd period - Shot Misses the Net.
11:06 of 3rd period - Wrist shot by Alexander Ovechkin.
11:06 of 3rd period - Stopped by Rick DiPietro with a rebound.
11:37 of 3rd period - Wrist shot by Justin Abdelkader.
11:37 of 3rd period - Shot Misses the Net.
11:43 of 3rd period - Slapshot by Rostislav Olesz.
11:43 of 3rd period - Shot Misses the Net.
11:45 of 3rd period - Slapshot by Ryan Wilson.
11:45 of 3rd period - Deflect By Peter Mueller.
11:45 of 3rd period - Shot Blocked by John Moore.
11:45 of 3rd period - Puck is out of play.
11:46 of 3rd period - Pavel Datsyuk wins face-off versus Mikael Granlund in Predators zone.
11:57 of 3rd period - Snap shot by Pavel Datsyuk.
11:57 of 3rd period - Stopped by Viktor Fasth without a rebound.
11:58 of 3rd period - Mikael Granlund wins face-off versus Pavel Datsyuk in Predators zone.
12:08 of 3rd period - Minor Penalty to Alexander Ovechkin for Boarding.
12:09 of 3rd period - Max Pacioretty wins face-off versus Andy Miele in Predators zone.
12:43 of 3rd period - Andy Miele is hit by Marcus Nilson and loses puck.
13:00 of 3rd period - Scott Laughton is hit by Martin Havlat and loses puck.
13:33 of 3rd period - Dennis Wideman is hit by Scott Laughton and loses puck.
14:08 of 3rd period - Penalty to Alexander Ovechkin is over, Alexander Ovechkin is back on ice.
14:20 of 3rd period - Wrist shot by Alexander Ovechkin.
14:20 of 3rd period - Shot Misses the Net.
14:22 of 3rd period - Wrist shot by Niclas Bergfors.
14:22 of 3rd period - Shot Blocked by A.J Thelen.
14:24 of 3rd period - Snap shot by Michal Rozsival.
14:24 of 3rd period - Deflect By Niclas Bergfors.
14:24 of 3rd period - Shot Blocked by Marcus Nilson.
14:24 of 3rd period - Puck is out of play.
14:25 of 3rd period - Peter Mueller wins face-off versus Mikael Granlund in Blue Jackets zone.
15:28 of 3rd period - Ryan Mcdonagh is hit by Martin Havlat and loses puck.
15:49 of 3rd period - Wrist shot by Peter Mueller.
15:49 of 3rd period - Stopped by Viktor Fasth without a rebound.
15:50 of 3rd period - Rostislav Olesz wins face-off versus Andy Miele in Predators zone.
15:57 of 3rd period - Snap shot by Peter Mueller.
15:57 of 3rd period - Stopped by Viktor Fasth with a rebound.
16:16 of 3rd period - Mikael Granlund is hit by Branislav Mezei and loses puck.
17:16 of 3rd period - Minor Penalty to Alexander Steen for Holding.
17:17 of 3rd period - Andy Miele wins face-off versus Pavel Datsyuk in Predators zone.
17:26 of 3rd period - Slapshot by Dennis Wideman.
17:26 of 3rd period - Goal by Dennis Wideman - Predators : 2 - Blue Jackets : 4.
17:27 of 3rd period - Pavel Datsyuk wins face-off versus Andy Miele in neutral zone.
18:03 of 3rd period - Snap shot by Rostislav Olesz.
18:03 of 3rd period - Stopped by Viktor Fasth without a rebound.
18:04 of 3rd period - Mikael Granlund wins face-off versus Pavel Datsyuk in Predators zone.
18:38 of 3rd period - Minor Penalty to A.J Thelen for Hooking.
18:39 of 3rd period - Ryan Kesler wins face-off versus Pavel Datsyuk in Blue Jackets zone.
18:45 of 3rd period - Pavel Datsyuk is hit by Niclas Bergfors and loses puck.
18:52 of 3rd period - Snap shot by Niclas Bergfors.
18:52 of 3rd period - Shot Misses the Net.
18:54 of 3rd period - Slapshot by Alexander Ovechkin.
18:54 of 3rd period - Shot Misses the Net.
19:44 of 3rd period - Snap shot by Timothy Kunes.
19:44 of 3rd period - Shot Blocked by Mikael Granlund.
19:46 of 3rd period - Slapshot by Timothy Kunes.
19:46 of 3rd period - Stopped by Viktor Fasth with a rebound.
Goals for this period are 0 for Predators vs 1 for Blue Jackets.
Shots for this period are 8 for Predators vs 8 for Blue Jackets.
Back to the Top